 Dungeon Crawl Stone Soup version 0.30-a0-272-gf98c3da03f (webtiles) character file.

Game seed: 16857873853996207910

334 koil the Sneak (level 6, 0/30 HPs)
             Began as a Spriggan Enchanter on Oct 15, 2022.
             Slain by Pikel
             ... wielding a +0 whip of freezing
              (5 damage)
             ... on level 4 of the Dungeon.
             The game lasted 00:07:10 (3214 turns).

koil the Sneak (Spriggan Enchanter)                 Turns: 3214, Time: 00:07:11

Health: 0/30       AC:  4    Str:  4    XL:     6   Next: 27%
Magic:  5/13       EV: 19    Int: 16    God:
Gold:   201        SH:  0    Dex: 18    Spells: 8/13 levels left

rFire   . . .      SeeInvis +    a - +1 dagger
rCold   . . .      Faith    .    (no shield)
rNeg    . . .      Spirit   .    n - +2 robe
rPois   .          Reflect  .    (helmet restricted)
rElec   .          Harm     .    (no cloak)
rCorr   .          Rampage  .    (gloves unavailable)
Will    +....                    (boots unavailable)
Stlth   +++.......               (no amulet)
HPRegen 0.25/turn                (no ring)
MPRegen 0.13/turn                (no ring)

@: very slightly contaminated, very quick
A: very small, no large weapons, unfitting armour, see invisible, speed 3
a: no special abilities


You were on level 4 of the Dungeon.
You visited 1 branch of the dungeon, and saw 4 of its levels.

You collected 201 gold pieces.

Inventory:

Hand Weapons
 a - a +1 dagger (weapon)
 m - a +1 scythe of venom
 u - a +2 hand axe of freezing
Missiles
 i - 6 poisoned darts (quivered)
Armour
 b - a +0 robe
 n - a +2 robe (worn)
Jewellery
 p - a ring of fire
 r - a ring of poison resistance
Scrolls
 d - 5 scrolls of teleportation {unknown}
 e - a scroll of amnesia {unknown}
 f - 4 scrolls of identify {unknown}
 g - a scroll of fear {unknown}
 k - a scroll of enchant weapon {unknown}
 t - a scroll of torment {unknown}
 v - a scroll of blinking {unknown}
 x - a scroll of vulnerability {unknown}
 y - a scroll of immolation {unknown}
Potions
 c - 2 potions of invisibility
 h - a potion of attraction {unknown}
 j - a potion of brilliance {unknown}
 l - a potion of berserk rage {unknown}
 o - 5 potions of flight {unknown}
 q - a potion of heal wounds {unknown}
 s - 2 potions of cancellation {unknown}
 w - a potion of might {unknown}


   Skills:
 + Level 1.9 Fighting
 + Level 2.9 Short Blades
 + Level 4.3 Dodging
 + Level 5.8 Stealth
 + Level 4.1 Spellcasting
 + Level 4.8 Hexes


You had 8 spell levels left.
You knew the following spells:

 Your Spells              Type           Power      Damage    Failure   Level
a - Ensorcelled Hibernat  Hex/Ice        22%        N/A       10%         2
b - Confusing Touch       Hex            18%        N/A       7%          3

Your spell library contained the following spells:

 Spells                   Type           Power      Damage    Failure   Level
 Tukima's Dance           Hex            18%        N/A       7%          3
 Foxfire                  Conj/Fire      12%        2x1d4     17%         1
 Shock                    Conj/Air       12%        1d3       17%         1
 Dazzling Flash           Conj/Hex       22%        N/A       19%         3
 Static Discharge         Conj/Air       6%         2-3/arc   26%         2
 Gell's Gravitas          Tloc           3%         N/A       45%         3
 Lesser Beckoning         Tloc           6%         N/A       45%         3
 Swiftness                Air            3%         N/A       45%         3
 Teleport Other           Tloc           3%         N/A       45%         3
 Vhi's Electric Charge    Tloc/Air       6%         N/A       45%         3
 Airstrike                Air            1%         2d(1-17)  86%         4
 Arcjolt                  Conj/Air       1%         1d11      99%         5
 Fireball                 Conj/Fire      1%         3d3       99%         5
 Lightning Bolt           Conj/Air       1%         1d12      99%         5
 Starburst                Conj/Fire      1%         6d3       100%        6


Dungeon Overview and Level Annotations

Branches:
Dungeon (4/15)
 Temple: D:4-7

Altars:
Yredelemnul

Annotations:
D:4 Pikel


Innate Abilities, Weirdness & Mutations

You are very small and have problems with some larger weapons.
You are too small for most types of armour.
You have supernaturally acute eyesight. (SInv)
You cover ground extremely quickly. (Speed+++)


Message History

A lemure comes into view.
The lemure shouts!
The kobold shouts!
The lemure misses you. The lemure barely misses you.
Casting: Ensorcelled Hibernation (safe; 10% risk of failure)
Confirm with . or Enter, or press ? or * to list all spells.
Aiming: Ensorcelled Hibernation (safe; 10% risk of failure)
Press: ? - help, Shift-Dir - straight line, f - Pikel
Aim: Pikel, wielding a +0 whip of freezing and wearing a +2 robe of willpower (chance to affect: 15%)
You miscast Ensorcelled Hibernation.
You are very lightly contaminated with residual magic.
Nothing appears to happen.
The lemure misses you. The lemure hits you but does no damage.
Pikel says, "All the demons know me.
They respect me."
Casting: Ensorcelled Hibernation (safe; 10% risk of failure)
Confirm with . or Enter, or press ? or * to list all spells.
Aiming: Ensorcelled Hibernation (safe; 10% risk of failure)
Press: ? - help, Shift-Dir - straight line, f/p - Pikel
Aim: Pikel, wielding a +0 whip of freezing and wearing a +2 robe of willpower (chance to affect: 15%) Pikel resists with almost no effort.
The lemure misses you. The lemure hits you!
The kobold hits you but does no damage.
Casting: Ensorcelled Hibernation (safe; 10% risk of failure)
Confirm with . or Enter, or press ? or * to list all spells.
Aiming: Ensorcelled Hibernation (safe; 10% risk of failure)
Press: ? - help, Shift-Dir - straight line, f/p - Pikel
Aim: Pikel, wielding a +0 whip of freezing and wearing a +2 robe of willpower (chance to affect: 15%) Pikel resists with almost no effort.
The lemure hits you. The lemure barely misses you.
The kobold closely misses you.
Pikel hits you with a +0 whip of freezing.
Pikel freezes you.
Casting: Ensorcelled Hibernation (safe; 10% risk of failure)
Confirm with . or Enter, or press ? or * to list all spells.
Aiming: Ensorcelled Hibernation (safe; 10% risk of failure)
Press: ? - help, Shift-Dir - straight line, f/p - Pikel
Aim: Pikel, wielding a +0 whip of freezing and wearing a +2 robe of willpower (chance to affect: 15%) Pikel resists with almost no effort.
The lemure hits you.
* * * LOW HITPOINT WARNING * * *
The lemure hits you but does no damage. The kobold closely misses you.
Pikel hits you with a +0 whip of freezing.
You die...

#.......#......K5...#
#.......#...........#
#.......#.....# ...#
+.......##....# ....#
#.....<.##....##....#
#######'##.>........#
#.##...5......#
#.....KK#####+#
#.....5@# #.....5.#
#.##....# ####....#
#.....# #.....#
#.....# #######


You could see Pikel, 3 lemures and a kobold.

Vanquished Creatures
  Sigmund (D:2)
  A hound (D:4)
  A jelly (D:4)
  An iguana (D:4)
  An adder (D:3)
  4 gnolls
  3 dart slugs
  An orc (D:3)
  5 endoplasms
  2 hobgoblins (D:2)
  2 quokkas
  4 ball pythons
  2 bats (D:1)
  2 frilled lizards
  5 goblins
  9 kobolds
  6 rats
50 creatures vanquished.

Notes
Turn   | Place    | Note
-------+----------+-------------------------------------------
     0 | D:1      | koil the Spriggan Enchanter began the quest for the Orb.
     0 | D:1      | Reached XP level 1. HP: 9/9 MP: 5/5
   451 | D:1      | Reached XP level 2. HP: 14/14 MP: 6/6
   454 | D:1      | Learned a level 2 spell: Ensorcelled Hibernation
  1023 | D:2      | Noticed Sigmund
  1032 | D:2      | Killed Sigmund
  1033 | D:2      | Reached skill level 1 in Fighting
  1033 | D:2      | Reached skill level 5 in Stealth
  1033 | D:2      | Reached XP level 3. HP: 14/18 MP: 2/9
  1033 | D:2      | Reached XP level 4. HP: 17/22 MP: 2/10
  1033 | D:2      | Reached XP level 5. HP: 20/25 MP: 2/11
  2523 | D:3      | Identified the +4 quarterstaff "Bion Niywk" {holy, rElec
                  | rF++ Will+}
  2557 | D:3      | Found a faded altar of an unknown god.
  2927 | D:3      | Learned a level 3 spell: Confusing Touch
  3025 | D:3      | Found a basalt altar of Yredelemnul.
  3153 | D:4      | Reached XP level 6. HP: 30/30 MP: 13/13
  3187 | D:4      | Noticed Pikel
  3214 | D:4      | Slain by Pikel

Illustrated notes

Levels and vault maps discovered:
D:1:      dpeg_arrival_windows_large_door, layout_loops_corners
D:2:      layout_basic, kennysheep_generic_room_2, uniq_sigmund
D:3:      layout_basic, nicolae_overflow_ecumenical_swirl, serial_glass,
          glass_columns_a, glass_columns_a
D:4:      minmay_clustersquares, layout_gridville, uniq_pikel

Skill      XL: |  1  2  3  4  5 |
---------------+----------------+-----
Dodging        | 3 4 |  4.3
Fighting       | 1 |  1.9
Short Blades   | 2 |  2.9
Stealth        | 5 |  5.8
Spellcasting   | 3 4 |  4.1
Hexes          | 4 |  4.8

Action                   |  1- 3 |  4- 6 || total
-------------------------+-------+-------++-------
Melee: Dagger            |    48 |    81 ||   129
 Cast: Ensorcelled Hiber |     4 |    22 ||    26
 Stab: Sleeping          |     8 |    18 ||    26
       Distracted        |     1 |       ||     1
Armor: Robe              |     3 |    10 ||    13
Dodge: Dodged            |    29 |    66 ||    95

Table legend: (Time is in decaauts)
 A = Elapsed time spent in this place.
 B = Non-inter-level travel time spent in this place.
 C = Inter-level travel time spent in this place.
 D = Time resting spent in this place.
 E = Time spent auto-exploring this place.
 F = Levels seen in this place.
 G = Mean time per level.
                   A        B        C        D        E       F      G
               +--------+--------+--------+--------+--------+-----+--------+
         Total |   2204 |   2047 |    157 |     30 |   1621 |   4 |  551.0 |
       Dungeon |   2204 |   2047 |    157 |     30 |   1621 |   4 |  551.0 |
               +--------+--------+--------+--------+--------+-----+--------+

Top non-repeatable levels by time:
     D:2: 848 daAuts
     D:1: 690 daAuts
     D:3: 618 daAuts
     D:4: 47 daAuts
